 Dungeon Crawl Stone Soup version 0.29.1-13-g9f3cf754e1 (webtiles) character file.

Game seed: 15249777699829609131

1579 concernfroge the Ducker (level 8, -3/38 HPs)
             Began as a Felid Transmuter on Jan 29, 2023.
             Was a Believer of Cheibriados.
             Slain by a wight
             ... wielding a +0 long sword
              (9 damage)
             ... on level 8 of the Dungeon.
             The game lasted 00:30:50 (8006 turns).

concernfroge the Ducker (Felid Transmuter)          Turns: 8006, Time: 00:30:50

Health: -3/38      AC:  7    Str: 11    XL:     8   Next: 60%
Magic:  9/14       EV: 14    Int: 20    God:    Cheibriados [**....]
Gold:   394        SH:  0    Dex: 23    Spells: 2/14 levels left
                                        Lives:  0   Deaths: 2

rFire   x . .      SeeInvis +     - Unarmed
rCold   + + +      Faith    .   (shield unavailable)
rNeg    . . .      Spirit   .   (body armour unavailable)
rPois   +          Reflect  .   (helmet unavailable)
rElec   .          Harm     .   (cloak unavailable)
rCorr   .          Rampage  .   (gloves unavailable)
Will    +....                   (boots unavailable)
Stlth   ++++......              (no amulet)
HPRegen 0.12/turn               q - ring of protection from cold
MPRegen 0.14/turn               u - ring of poison resistance

@: ice-form, wereblooded, very slow
A: freezing attack, amphibious, boosted hp, large, (claws 1), (fangs 3), see
invisible, (speed 1), (shaggy fur 2), (stealthy paws), no weapons or thrown
items, no armour, multi-lived
a: End Transformation, Renounce Religion, Bend Time


You were on level 8 of the Dungeon.
You worshipped Cheibriados.
Cheibriados was pleased with you.
You were a creature of crystalline ice.
You visited 2 branches of the dungeon, and saw 9 of its levels.

You collected 394 gold pieces.

Inventory:

Jewellery
 q - a ring of protection from cold (left front paw)
 u - a ring of poison resistance (right front paw)
Wands
 h - a wand of light (7)
 l - a wand of polymorph (10)
 p - a wand of digging (4)
 w - a wand of flame (16)
 z - a wand of mindburst (10)
Scrolls
 a - 2 scrolls of immolation {unknown}
 b - 3 scrolls of identify {unknown}
 d - 5 scrolls of teleportation
 e - a scroll of summoning {unknown}
 j - a scroll of amnesia {unknown}
 m - a scroll of silence {unknown}
 n - a scroll of enchant weapon {unknown}
 r - a scroll of butterflies {unknown}
 t - a scroll of poison {unknown}
 y - a scroll of enchant armour {unknown}
Potions
 c - a potion of brilliance {unknown}
 f - 4 potions of curing {unknown}
 g - a potion of flight {unknown}
 i - 2 potions of cancellation {unknown}
 k - 2 potions of might {unknown}
 o - 2 potions of heal wounds {unknown}
 s - a potion of attraction {unknown}
 v - a potion of magic {unknown}
 x - a potion of berserk rage {unknown}


   Skills:
 - Level 1.0 Fighting
 + Level 6.4 Dodging
 + Level 6.2 Stealth
 + Level 5.4 Unarmed Combat
 + Level 3.5 Spellcasting
 - Level 4.0 Hexes
 + Level 5.4 Transmutations
 + Level 2.8 Ice Magic
 + Level 3.6 Poison Magic
 + Level 3.0 Invocations


You had 2 spell levels left.
You knew the following spells:

 Your Spells              Type           Power      Damage    Failure   Level
a - Beastly Appendage     Tmut           50%        N/A       1%          1
b - Wereblood             Tmut           25%        N/A       2%          2
c - Spider Form           Tmut/Pois      21%        N/A       6%          3
d - Ensorcelled Hibernat  Hex/Ice        34%        N/A       4%          2
e - Ice Form              Ice/Tmut       20%        N/A       24%         4

Your spell library contained the following spells:

 Spells                   Type           Power      Damage    Failure   Level
 Passwall                 Tmut/Erth      11%        N/A       7%          2
 Magic Dart               Conj           12%        1d3       14%         1
 Scorch                   Fire           6%         2d5       21%         2
 Searing Ray              Conj           6%         2d4       21%         2
 Stone Arrow              Conj/Erth      6%         3d7       38%         3
 Swiftness                Air            3%         N/A       38%         3
 Petrify                  Tmut/Erth      14%        N/A       41%         4
 Fulminant Prism          Conj/Hex       5%         3d7       52%         4
 Metabolic Englaciation   Hex/Ice        8%         N/A       67%         5
 Flame Wave               Conj/Fire      3%         2d5       80%         4
 Statue Form              Tmut/Erth      9%         N/A       100%        6
 Summon Cactus Giant      Summ           1%         N/A       100%        6
 Lehudib's Crystal Spear  Conj/Erth      1%         10d2      100%        8
 Animate Armour           Summ/Erth      Unusable   N/A       N/A         4

Dungeon Overview and Level Annotations

Branches:
Dungeon (8/15)             Temple (1/1) D:4
   Lair: D:8-11

Altars:
Ashenzari
Cheibriados
Dithmenos
Elyvilon
Fedhas
Gozag
Hepliaklqana
Kikubaaqudgha
Makhleb
Nemelex Xobeh
Okawaru
Qazlal
Ru
Sif Muna
Trog
Uskayaw
Vehumet
Wu Jian
Yredelemnul
The Shining One

Shops:
D:2 (

Annotations:
D:3 1 runed translucent door, exclusion: door, shadowmeld's ghost, amateur DjMo


Innate Abilities, Weirdness & Mutations

You are a creature of crystalline ice.
You have a powerful freezing melee attack.
You are amphibious.
Your maximum health is increased.
((You have sharp claws.))
((You have razor-sharp teeth.))
You have supernaturally acute eyesight. (SInv)
((You cover ground quickly. (Speed+)))
((You are covered in thick fur. (AC +2)))
((Your paws help you pounce on unaware monsters.))
You are incapable of wielding weapons or throwing items.
You cannot wear armour.
You gain extra lives every three experience levels.


Message History

A wight is wielding a +2 scimitar of freezing.
The wight moves out of view.
Casting: Spider Form (dangerous; 6% risk of failure)
Confirm with . or Enter, or press ? or * to list all spells.
Your blood is infused with primal strength.
Casting: Wereblood (safe; 2% risk of failure)
Confirm with . or Enter, or press ? or * to list all spells.
You can't see any susceptible monsters within range! (Use Z to cast anyway.) Unknown command.
Casting: Wereblood (safe; 2% risk of failure)
Confirm with . or Enter, or press ? or * to list all spells.
Okay, then.
Casting: Wereblood (safe; 2% risk of failure)
Confirm with . or Enter, or press ? or * to list all spells.
The spell is extremely dangerous to miscast (26% risk of failure)!
Continue anyway?
You turn into a creature of crystalline ice.
You punch the wight! You freeze the wight.
The wight is almost destroyed.
The wight hits you with a +2 scimitar of freezing!
You hit the wight.
The wight is almost destroyed.
The wight hits you with a +2 scimitar of freezing!
The wight freezes you.
You completely miss the wight.
The wight is almost destroyed.
The wight hits you with a +2 scimitar of freezing!
* * * LOW HITPOINT WARNING * * *
You feel drained.
* * * LOW HITPOINT WARNING * * *
The wight freezes you.
* * * LOW HITPOINT WARNING * * *
You hit the wight.
You feel a bit better.
You destroy the wight!
Cheibriados appreciates the change of pace.
The wight hits you with a +0 long sword.
* * * LOW HITPOINT WARNING * * *
Your life force feels restored.
The wight attacks as you move away! The wight barely misses you.
The wight hits you with a +0 long sword!
You die...

####.###
##..........#
##...##.##...#
##....##.##...#
#.....##.##...#
.......>.....#
.#..###.###..##
#..###.###...#
#...Yz.)....## ##
##'########.## ..
##...## z# .####
##.....## .# .##.##
##.......# .z
.#...####.........#
.......)).........+
.#>..####.........#
.##.## ##.......##


You could see a wight.

Vanquished Creatures
  Maggie (D:6)
  Sigmund (D:2)
  An orc warrior (D:7)
  A water moccasin (D:5)
  A swamp drake (D:6)
  A black bear (D:7)
  A sky beast (D:6)
  An ogre (D:3)
  3 centaurs
  A gnoll sergeant (D:8)
  A scorpion (D:5)
  A necrophage (D:6)
  A wight (D:8)
  3 howler monkeys (D:7)
  3 hounds (D:5)
  An orc priest (D:7)
  Jessica (D:2)
  3 orc wizards (D:7)
  4 gnolls (D:8)
  11 adders
  A shadow imp (D:8)
  2 white imps
  An ufetubus (D:6)
  3 worms
  3 dart slugs
  14 orcs
  2 ball pythons
  9 bats
  11 endoplasms
  7 giant cockroaches
  8 goblins
  6 hobgoblins
  6 jackals (D:1)
  6 quokkas
  3 kobolds
  7 rats
130 creatures vanquished.

Vanquished Creatures (others)
  An orc (D:6)
1 creature vanquished.

Grand Total: 131 creatures vanquished

Notes
Turn   | Place    | Note
-------+----------+-------------------------------------------
     0 | D:1      | concernfroge the Felid Transmuter began the quest for the
                  | Orb.
     0 | D:1      | Reached XP level 1. HP: 9/9 MP: 4/4
   211 | D:1      | Reached skill level 1 in Stealth
   215 | D:1      | Reached XP level 2. HP: 5/12 MP: 4/6
   220 | D:1      | Learned a level 2 spell: Wereblood
   486 | D:1      | Found a faded altar of an unknown god.
  1178 | D:1      | Reached XP level 3. HP: 15/15 MP: 4/7
  1224 | D:1      | Learned a level 3 spell: Spider Form
  1339 | D:2      | Found Luenun's Weapon Emporium.
  1387 | D:2      | Noticed Jessica
  1394 | D:2      | Killed Jessica
  1654 | D:2      | Noticed Sigmund
  1668 | D:2      | Killed Sigmund
  1669 | D:2      | Reached skill level 1 in Poison Magic
  1669 | D:2      | Reached XP level 4. HP: 19/19 MP: 5/8
  1669 | D:2      | Reached XP level 5. HP: 22/22 MP: 5/9
  1984 | D:3      | Noticed an ogre
  2012 | D:3      | Mangled by an ogre
  2013 | D:3      | Reached XP level 4. HP: -11/19 MP: 5/8
  2013 | D:3      | Found a snail-covered altar of Cheibriados.
  2018 | D:3      | Killed an ogre
  2019 | D:3      | Reached XP level 5. HP: 22/22 MP: 9/9
  2022 | D:3      | Became a worshipper of Cheibriados the Contemplative
  2075 | D:3      | Found a runed translucent door.
  2077 | D:3      | Noticed shadowmeld's ghost (amateur DjMo)
  2736 | D:3      | Learned a level 2 spell: Ensorcelled Hibernation
  2793 | D:4      | Gained mutation: You are covered in thick fur. (AC +2)
                  | [Felid growth]
  2793 | D:4      | Reached XP level 6. HP: 16/25 MP: 6/10
  3086 | D:4      | Reached * piety under Cheibriados
  3167 | D:4      | Found a staircase to the Ecumenical Temple.
  3176 | Temple   | Entered the Ecumenical Temple
  4232 | D:5      | Entered Level 5 of the Dungeon
  4232 | D:5      | Found a glowing golden altar of the Shining One.
  4266 | D:5      | Reached skill level 1 in Hexes
  4442 | D:5      | Reached skill level 5 in Dodging
  4809 | D:5      | Noticed a water moccasin
  4817 | D:5      | Killed a water moccasin
  4818 | D:5      | Reached skill level 1 in Ice Magic
  4818 | D:5      | Reached skill level 1 in Invocations
  4818 | D:5      | Reached XP level 7. HP: 20/28 MP: 9/11
  5228 | D:6      | Noticed a steam dragon
  5229 | D:6      | a steam dragon changed into a swamp drake
  5237 | D:6      | Found a shimmering blue altar of Sif Muna.
  5456 | D:6      | Found a stormy altar of Qazlal.
  6147 | D:6      | Noticed Maggie
  6148 | D:6      | Noticed a steam dragon
  6181 | D:6      | Slain by Maggie
  6182 | D:6      | Reached XP level 6. HP: -2/23 MP: 6/11
  6193 | D:6      | Killed Maggie
  6194 | D:6      | Reached skill level 5 in Stealth
  6194 | D:6      | Reached XP level 7. HP: 28/28 MP: 10/12
  6220 | D:6      | a steam dragon changed into a sky beast
  6506 | D:7      | Reached skill level 5 in Unarmed Combat
  6506 | D:7      | Reached skill level 5 in Transmutations
  6548 | D:7      | Learned a level 4 spell: Ice Form
  6688 | D:7      | Reached XP level 8. HP: 16/32 MP: 8/13
  7094 | D:7      | Reached ** piety under Cheibriados
  8006 | D:8      | Slain by a wight

Illustrated notes

Levels and vault maps discovered:
D:1:      dpeg_arrival_connections, layout_loops_ring, basic_ecumenical_altar,
          serial_glass, glass_columns_b, glass_columns_a
D:2:      layout_rooms, serial_shops, nicolae_shop_hallway_stairs, uniq_sigmund,
          uniq_jessica
D:3:      minmay_bubble_buster, layout_basic, mainiacjoe_overflow_boulevard,
          hellmonk_ghost_happy_afterlife
D:4:      layout_loops_cross, minmay_temple_entry_statues_fountains
D:5:      cheibrodos_helix_gallery, layout_loops_ring, lemuel_crystal_altar,
          kennysheep_pointless_box
D:6:      layout_basic, mainiacjoe_overflow_swirl, st_stairs_1, uniq_maggie
D:7:      layout_loops_corners
D:8:      layout_loops_corners, zin_scriptorium, serial_glass, glass_columns_a,
          glass_columns_b, glass_columns_a, glass_columns_a, glass_columns_a,
          glass_columns_a, glass_columns_a, glass_columns_a, glass_columns_b,
          glass_columns_a
Temple:   compressed_dpeg_triangle_lava_temple

Skill      XL: |  1  2  3  4  5  6  7  8 |
---------------+-------------------------+-----
Stealth        | 1 3 4 5 6 |  6.2
Dodging        | 3 4 5 6 |  6.4
Transmutations | 3 4 5 |  5.4
Poison Magic   | 1 2 3 |  3.6
Unarmed Combat | 4 5 |  5.4
Hexes          | 3 4 |  4.0
Ice Magic      | 1 2 |  2.8
Invocations    | 2 3 |  3.0
Spellcasting   | 3 |  3.5
Fighting       | |  1.0

Action                   |  1- 3 |  4- 6 |  7- 9 || total
-------------------------+-------+-------+-------++-------
Melee: Unarmed           |    82 |   152 |   112 ||   346
       Headbutt          |     8 |       |       ||     8
       Bite              |     7 |     3 |     2 ||    12
       Punch             |     1 |     2 |     1 ||     4
 Cast: Beastly Appendage |    11 |     1 |       ||    12
       Wereblood         |     5 |    15 |    14 ||    34
       Spider Form       |     1 |    20 |    13 ||    34
       Ensorcelled Hiber |       |       |     4 ||     4
       Ice Form          |       |       |     1 ||     1
Invok: Bend Time         |       |       |     2 ||     2
Evoke: Wand              |     1 |     3 |     9 ||    13
  Use: Potion            |     1 |       |     1 ||     2
       Scroll            |       |     1 |     3 ||     4
 Stab: Sleeping          |     5 |    21 |     5 ||    31
       Invisible         |     2 |     3 |     1 ||     6
Armor: Skin              |    12 |     5 |     9 ||    26
Dodge: Dodged            |    45 |   121 |   122 ||   288
